 Dungeon Crawl Stone Soup version 0.24-a0-715-g0b739ee41d (webtiles) character file.

Game seed: 5719106081779079024, levelgen mode: deterministic

1752 AntidotE the Poker (level 9, 0/68 HPs)
             Began as a Formicid Fighter on Sept 30, 2019.
             Was an Initiate of Gozag.
             Succumbed to a gnoll sergeant's poison
             ... on level 6 of the Dungeon.
             The game lasted 00:49:09 (6143 turns).

AntidotE the Poker (Formicid Fighter)               Turns: 6143, Time: 00:49:10

Health: 0/68       AC: 11    Str: 29    XL:     9   Next: 27%
Magic:  9/9        EV: 13    Int:  8    God:    Gozag
Gold:   224        SH: 11    Dex: 10    Spells: 8/8 levels left

rFire    . . .     SeeInvis +   g - +1 spear (pierce)
rCold    . . .     Gourm    .   c - +0 shield
rNeg     . . .     Faith    .   s - +0 chain mail
rPois    .         Spirit   .   (helmet unavailable)
rElec    .         Reflect  .   j - +0 cloak
rCorr    .         Harm     .   (no gloves)
MR       .....                  (no boots)
Stlth    ..........             (no amulet)
HPRegen  0.21/turn              e - +5 ring of evasion
MPRegen  0.11/turn              r - ring of stealth

@: mighty, lethally poisoned (0 -> -13), gold aura
A: permanent stasis, dig shafts and tunnels, four strong arms, antennae 3
a: Dig, Shaft Self, Potion Petition, Call Merchant, Bribe Branch, Renounce
Religion


You were on level 6 of the Dungeon.
You worshipped Gozag.
Gozag was aware of your devotion.
You were hungry.

You visited 2 branches of the dungeon, and saw 7 of its levels.
You also visited: Sewer.

You collected 392 gold pieces.
You spent 117 gold pieces at shops.
You paid 51 gold pieces to Gozag.

Inventory:

Hand Weapons
 a - a +0 trident
 g - a +1 spear of piercing (weapon)
Missiles
 h - 127 stones (quivered)
 i - 16 boomerangs
 k - 77 sling bullets
 n - 2 throwing nets
Armour
 b - a +0 plate armour
 c - a +0 shield (worn)
 j - a +0 cloak (worn)
 s - a +0 chain mail (worn)
Jewellery
 e - a +5 ring of evasion (left hand)
 r - a ring of stealth (right hand)
 y - an uncursed ring of see invisible {unknown}
Wands
 p - a wand of acid (6)
 q - a wand of flame (22)
Scrolls
 t - 5 scrolls of identify
 x - 2 scrolls of remove curse
Potions
 l - a potion of flight
 m - a potion of brilliance
 o - a potion of ambrosia
 u - a potion of agility
 v - a potion of magic
 w - a potion of mutation
Comestibles
 f - 3 rations


   Skills:
 + Level 5.1 Fighting
 * Level 7.7 Polearms
 + Level 3.1 Throwing
 + Level 4.9 Armour
 + Level 1.4 Dodging
 + Level 0.3 Stealth
 * Level 7.7 Shields


You had 8 spell levels left.
You didn't know any spells.
Your spell library was empty.

Dungeon Overview and Level Annotations

Branches:
Dungeon (6/15)             Temple (1/1) D:5           Sewer (visited)

Altars:
Ashenzari
Cheibriados
Elyvilon
Fedhas
Gozag
Hepliaklqana
Kikubaaqudgha
Makhleb
Nemelex Xobeh
Okawaru
Qazlal
Ru
Sif Muna
Trog
Uskayaw
Vehumet
Wu Jian
Xom
Yredelemnul
Zin
The Shining One

Shops:
D:5 ?


Innate Abilities, Weirdness & Mutations

You cannot be hasted, slowed, berserked, paralysed or teleported.
You can dig through walls and to a lower floor.
Your four strong arms can wield two-handed weapons with a shield.
You have a pair of large antennae on your head. (SInv)


Message History

The sky beast shocks you.
* * * LOW HITPOINT WARNING * * *
You feel very mighty all of a sudden.
* * * LOW HITPOINT WARNING * * *
You feel sick.
The sky beast hits you but does no damage.
You puncture the sky beast!
The sky beast is severely wounded.
* * * LOW HITPOINT WARNING * * *
You feel sick. The sky beast closely misses you.
You closely miss the sky beast.
The sky beast is severely wounded.
* * * LOW HITPOINT WARNING * * *
You feel sick.
You puncture the sky beast!
You kill the sky beast!
* * * LOW HITPOINT WARNING * * *
You feel sick.
You die...
Your body crumbles into a pile of gold.

#......###########.......#
#................#.......##
#................#.........
#.......(.((.....#...######
#................#...#....#
#........((......#...#.#.##
#....)####$#######...#.#.##
#.....# #$# #.....#.##
#.....# #@# #...###.##
#.....# #.# #.........
####### #.# ###...###.##
#)#####<....# #.#.
#....).....?# #.#.
###########.# #.#. #.###.#.
#....... #####.##


There were no monsters in sight!

Vanquished Creatures
  A black bear (D:6)
  2 sky beasts (D:6)
  2 ogres
  A centaur (D:6)
  A gnoll sergeant (D:6)
  2 bullfrogs (Sewer)
  A water moccasin zombie (D:5)
  5 scorpions
  A centaur zombie (D:5)
  4 hounds
  2 jellies
  An orc priest (D:5)
  A bullfrog skeleton (D:6)
  An orc wizard (D:3)
  An iguana (D:4)
  3 worker ants
  8 gnolls
  11 adders
  2 shadow imps (D:5)
  An ooze (D:2)
  4 worms
  2 dart slugs
  8 leopard geckos
  12 orcs
  A ball python (Sewer)
  7 bats
  16 giant cockroaches
  10 goblins
  12 hobgoblins
  4 jackals (D:5)
  4 kobolds
  4 quokkas
  13 frilled lizards
  A giant cockroach zombie (D:6)
  A jackal skeleton (D:5)
  A jackal zombie (D:6)
  8 rats
159 creatures vanquished.

Notes
Turn   | Place    | Note
-------+----------+-------------------------------------------
     0 | D:1      | AntidotE the Formicid Fighter began the quest for the Orb.
     0 | D:1      | Reached XP level 1. HP: 18/18 MP: 1/1
    47 | D:1      | Reached XP level 2. HP: 17/24 MP: 2/2
   287 | D:1      | Reached XP level 3. HP: 29/29 MP: 3/3
   743 | D:2      | Reached XP level 4. HP: 32/37 MP: 4/4
   790 | D:2      | Reached skill level 1 in Throwing
  1612 | D:3      | Found a glowing drain.
  1623 | D:3      | Reached XP level 5. HP: 41/42 MP: 5/5
  1655 | Sewer    | Entered a sewer
  2004 | Sewer    | Noticed a bullfrog
  2004 | Sewer    | Noticed a bullfrog
  2010 | Sewer    | Killed a bullfrog
  2010 | Sewer    | Reached skill level 1 in Dodging
  2010 | Sewer    | Reached XP level 6. HP: 44/48 MP: 6/6
  2015 | Sewer    | Reached skill level 5 in Shields
  2421 | D:3      | Found an ancient bone altar of Kikubaaqudgha.
  3097 | D:4      | Reached XP level 7. HP: 54/54 MP: 7/7
  3152 | D:4      | HP: 1/54 [ogre/+0 giant club (13)]
  3449 | D:3      | HP: 2/54 [ogre/+0 giant club (17)]
  3675 | D:4      | Reached skill level 5 in Polearms
  3966 | D:4      | Found a stormy altar of Qazlal.
  4045 | D:4      | Found an ornate altar of the Wu Jian Council.
  4381 | D:5      | Entered Level 5 of the Dungeon
  4497 | D:5      | Found Nafithromu's Magic Scroll Boutique.
  4503 | D:5      | Bought a scroll of remove curse for 39 gold pieces
  4503 | D:5      | Bought a scroll of identify for 26 gold pieces
  4503 | D:5      | Bought a scroll of identify for 26 gold pieces
  4503 | D:5      | Bought a scroll of identify for 26 gold pieces
  4746 | D:5      | Reached XP level 8. HP: 60/60 MP: 8/8
  4891 | D:5      | Found a staircase to the Ecumenical Temple.
  4907 | Temple   | Entered the Ecumenical Temple
  5040 | Temple   | Became a worshipper of Gozag Ym Sagoz the Greedy
  5210 | D:5      | Found a shimmering blue altar of Sif Muna.
  5806 | D:6      | Reached skill level 5 in Fighting
  5806 | D:6      | Reached XP level 9. HP: 68/68 MP: 9/9
  5822 | D:6      | Found a glowing golden altar of the Shining One.
  6140 | D:6      | HP: 3/68 [poisoned by a gnoll sergeant]
  6143 | D:6      | Succumbed to a gnoll sergeant's poison

Levels and vault maps discovered:
D:1:      moated_graveyard_arrival, layout_rooms, minmay_shallow_snake_nest
D:2:      minmay_angry_zag, layout_basic, first_ration, minmay_quadrilaterals
D:3:      layout_loops_ring, kiku_gazebo_garden_becter, portal_sewer_entry_f
D:4:      layout_basic, kennysheep_mini, marbit_many_paths, serial_curves,
          eino_curves_02, eino_curves_02, eino_curves_04, eino_curves_03
D:5:      layout_loops_cross, old_standard_altar, minmay_temple_entry_hall,
          serial_shops, shop, minmay_misc_feat_encased, cheibrodos_gnoll_hut
D:6:      layout_basic, st_stairs_9, tso_altar
Temple:   eino_temple_scatter_basement

Skill      XL: |  1  2  3  4  5  6  7  8  9 |
---------------+----------------------------+-----
Shields        | 4 5 6 7 |  7.7
Throwing       | 1 2 3 |  3.1
Polearms       | 3 4 5 7 |  7.7
Dodging        | 1 |  1.4
Fighting       | 4 5 |  5.1
Armour         | 4 |  4.9
Stealth        | |  0.3

Action                   |  1- 3 |  4- 6 |  7- 9 || total
-------------------------+-------+-------+-------++-------
Melee: Trident           |    93 |   204 |       ||   297
       Spear             |       |    36 |   380 ||   416
Throw: Stone             |    35 |    69 |    88 ||   192
 Abil: Dig               |       |     1 |       ||     1
  Use: Scroll            |     3 |     4 |     8 ||    15
       Potion            |       |       |     1 ||     1
  Eat: Chunk             |       |     8 |     6 ||    14
       Ration            |       |       |     1 ||     1
Armor: Scale mail        |    24 |    61 |       ||    85
       Chain mail        |       |       |    76 ||    76
Dodge: Dodged            |    26 |   133 |    98 ||   257
Block: Shield            |    43 |   139 |   146 ||   328

Table legend:
 A = Non-vault XP
 B = Vault XP
 C = Vault XP percentage of total XP
 D = Non-vault monster count
 E = Vault monster count
 F = Vault count percentage of total count
                 A         B        C        D         E       F
            +---------+---------+-------+---------+---------+-------
      Total |    1972 |     531 |  21.2 |     116 |      43 |  27.0
            +---------+---------+-------+---------+---------+-------
        D:1 |      35 |       0 |   0.0 |      18 |       0 |   0.0
        D:2 |      50 |      36 |  41.9 |      20 |      11 |  35.5
        D:3 |     254 |      16 |   5.9 |      24 |       6 |  20.0
        D:4 |     292 |       0 |   0.0 |      13 |       0 |   0.0
        D:5 |     562 |      99 |  15.0 |      24 |       3 |  11.1
        D:6 |     779 |     147 |  15.9 |      17 |       3 |  15.0
      Sewer |       0 |     233 | 100.0 |       0 |      20 | 100.0
            +---------+---------+-------+---------+---------+-------
